 Dungeon Crawl Stone Soup version 0.28-a0-604-g249bb1af34 (webtiles) character file.

Game seed: 2364169241984357435

623390 Johnny the Slayer (level 26, -1/234 HPs)
             Began as a Yellow Draconian Ice Elementalist on Oct 5, 2021.
             Was a High Priest of Sif Muna.
             Killed from afar by a yellow draconian (21 damage)
             ... with a glob of acid
             ... on level 5 of the Realm of Zot.
             The game lasted 02:07:32 (92931 turns).

Johnny the Slayer (DrIE)                           Turns: 92931, Time: 02:07:33

Health: -1/234     AC:  0    Str: 11    XL:     26   Next: 58%
Magic:  25/49      EV: 33    Int: 24    God:    Sif Muna [*****.]
Gold:   5896       SH:  0    Dex: 18    Spells: 13/69 levels left

rFire   . . .      SeeInvis .   (weapon currently unavailable)
rCold   + . .      Faith    .   (shield currently unavailable)
rNeg    . . .      Spirit   .   (armour unavailable)
rPois   .          Reflect  .   (helmet currently unavailable)
rElec   +          Harm     .   (cloak currently unavailable)
rCorr   .          Rampage  .   (gloves currently unavailable)
Will    +....                   (boots currently unavailable)
Stlth   ++........              y - amulet "Reusad" {RegenMP rElec rC+}
HPRegen 0.49/turn               (ring currently unavailable)
MPRegen 0.56/turn               (ring currently unavailable)

@: about to teleport, bat-form, on vortex cooldown, marked, unable to drink,
flying, studying 4 skills, very quick
A: fast, flying, no casting, no potions, (spit acid), AC +12, tiny, unfitting
armour, (acidic bite), (cold-blooded), (acid resistance), dopey 1, frail 1,
screaming 1, (shaggy fur 1), no potion heal 2, subdued magic 1
}: 4/15 runes: barnacled, slimy, silver, gossamer
a: Renounce Religion, Channel Magic, Forget Spell, Divine Exegesis


You were on level 5 of the Realm of Zot.
You worshipped Sif Muna.
Sif Muna was extremely pleased with you.
You were a bat.
You visited 14 branches of the dungeon, and saw 62 of its levels.
You also visited: Trove, Gauntlet and Ice Cave.

You collected 7606 gold pieces.
You spent 1710 gold pieces at shops.

Inventory:

Hand Weapons
 x - the +11 long sword "Sosig" {freeze, Fly Int+7}
   (You took it off a deep elf demonologist on level 3 of the Elven Halls)

   It freezes those it strikes, dealing additional cold damage.
   It can also slow down cold-blooded creatures.
   Int:       It affects your intelligence (+7).
   Fly:       It grants you flight.
 N - the +3 Elemental Staff {rElec rF++ rC++ AC+5}
   (You found it on level 4 of the Vaults)

   If the wielder is skilled in Evocations, they can discharge powerful blasts
   of elemental energy when striking with it.
   It enhances your fire, ice, earth and air magic.
   AC:        It affects your AC (+5).
   rF:        It greatly protects you from fire.
   rC:        It greatly protects you from cold.
   rElec:     It insulates you from electricity.
Missiles
 j - 11 throwing nets
Armour
 r - a +2 pair of gloves (melded)
 F - the +2 tower shield "Ydisosos" (melded) {rN+ Int+4}
   (You found it on level 5 of the Pits of Slime)

   Int:       It affects your intelligence (+4).
   rN:        It protects you from negative energy.
 H - the +3 hat of Pondering (melded) {ponderous, Will+ MP+10 Int+5}
   (You found it on level 3 of the Elven Halls)

   Int:       It affects your intelligence (+5).
   MP:        It affects your magic capacity (+10).
   Will:      It increases your willpower.
 L - a +2 pair of boots of rampaging (melded)
 P - the +4 dragonskin cloak (melded)
   (You took it off Tiamat on level 4 of the Realm of Zot)

   It grants the wearer a chance to resist fire, cold, poison, electricity,
   acid, and negative energy.
 U - the +1 cloak "Buckod" {rF+ Dex+4}
   (You found it on level 5 of the Vaults)

   Dex:       It affects your dexterity (+4).
   rF:        It protects you from fire.
 Z - a +2 cloak of willpower
Magical Staves
 A - a staff of cold (melded)
Jewellery
 d - the amulet of the Four Winds {rN+ Will+++ Clar}
   (You took it off a yaktaur captain on level 5 of the Vaults)

   [amulet of nothing]

   rN:        It protects you from negative energy.
   Clar:      It protects you against confusion.
   Will:      It greatly increases your willpower.
 f - a ring of ice
 m - the ring of Kyolits {rC+ MP+9 Dex+3}
   (You found it on level 1 of the Vaults)

   [ring of magical power]

   Dex:       It affects your dexterity (+3).
   rC:        It protects you from cold.
   MP:        It affects your magic capacity (+9).
 s - an amulet of regeneration
 y - the amulet "Reusad" (around neck) {RegenMP rElec rC+}
   (You took it off a yaktaur captain on level 5 of the Vaults)

   [amulet of magic regeneration]

   It increases your rate of magic regeneration.
   rC:        It protects you from cold.
   rElec:     It insulates you from electricity.
 Q - the ring of Sapir (melded) {Will+ Int+6}
   (You found it in a treasure trove)

   [ring of intelligence]

   Int:       It affects your intelligence (+6).
   Will:      It increases your willpower.
 T - the ring of Ywel (melded) {rPois rF+ rN+}
   (You found it in a Gauntlet)

   [ring of positive energy]

   rF:        It protects you from fire.
   rPois:     It protects you from poison.
   rN:        It protects you from negative energy.
Wands
 D - a wand of digging (18)
 X - a wand of acid (12)
Scrolls
 c - 13 scrolls of immolation
 e - 18 scrolls of teleportation
 i - 5 scrolls of blinking
 n - 10 scrolls of fog
 t - 6 scrolls of vulnerability
 B - 3 scrolls of holy word
 E - 3 scrolls of torment
 G - 7 scrolls of magic mapping
 J - 7 scrolls of enchant armour
 K - 34 scrolls of identify
 O - 15 scrolls of noise
 V - 5 scrolls of fear
 W - a scroll of summoning
Potions
 a - 7 potions of invisibility
 g - 4 potions of cancellation
 h - 9 potions of lignification
 k - 36 potions of curing
 l - 7 potions of might
 o - 8 potions of mutation
 p - 4 potions of ambrosia
 q - 5 potions of berserk rage
 u - 20 potions of heal wounds
 v - 12 potions of haste
 z - 5 potions of magic
 C - 8 potions of brilliance
 M - 14 potions of flight
 Y - 4 potions of resistance
Miscellaneous
 b - a condenser vane
 w - a lightning rod (4/4)
 I - a tin of tremorstones (2/2)
 R - a box of beasts
 S - a phantom mirror


   Skills:
 + Level 25.8 Fighting
 + Level 15.9 Dodging
 - Level 1.7 Stealth
 - Level 17.4 Shields
 + Level 22.3 Spellcasting
 + Level 9.9 Conjurations
 - Level 25.1 Ice Magic
 - Level 8.3 Invocations


You had 13 spell levels left.
You knew the following spells:

 Your Spells              Type           Power      Damage    Failure   Level
a - Freeze                Ice            100%       1d11      0%          1
b - Frozen Ramparts       Ice            100%       1d12      0%          3
c - Ozocubu's Armour      Ice            85%        N/A       0%          3
d - Freezing Cloud        Conj/Ice/Air   29%        6-21      1%          5
e - Ozocubu's Refrigerat  Ice            42%        4d13      1%          7
f - Hailstorm             Conj/Ice       71%        3d15      0%          4
g - Stone Arrow           Conj/Erth      76%        3d11      1%          3
h - Blink                 Tloc           N/A        N/A       1%          2
i - Metabolic Englaciati  Hex/Ice        30%        N/A       1%          5
j - Simulacrum            Ice/Necr       30%        N/A       1%          6
k - Polar Vortex          Ice            42%        N/A       3%          9
l - Lehudib's Crystal Sp  Conj/Erth      19%        10d6      100%        8

Your spell library contained the following spells:

 Spells                   Type           Power      Damage    Failure   Level
 Magic Dart               Conj           100%       1d8       0%          1
 Ensorcelled Hibernation  Hex/Ice        100%       N/A       0%          2
 Animate Skeleton         Necr           40%        N/A       1%          1
 Apportation              Tloc           40%        N/A       1%          1
 Beastly Appendage        Tmut           40%        N/A       1%          1
 Foxfire                  Conj/Fire      100%       2x1d9     1%          1
 Pain                     Necr           80%        1d8       1%          1
 Sandblast                Erth           40%        2d10      1%          1
 Shock                    Conj/Air       100%       1d9       1%          1
 Sting                    Tmut/Pois      80%        1d7       1%          1
 Summon Small Mammal      Summ           80%        N/A       1%          1
 Call Imp                 Summ           20%        N/A       1%          2
 Corpse Rot               Necr/Air       N/A        N/A       1%          2
 Passwall                 Tmut/Erth      16%        N/A       1%          2
 Poisonous Vapours        Pois/Air       40%        N/A       1%          2
 Scorch                   Fire           40%        2d7       1%          2
 Searing Ray              Conj           100%       2d8       1%          2
 Slow                     Hex            20%        N/A       1%          2
 Static Discharge         Conj/Air       38%        N/A       1%          2
 Sublimation of Blood     Necr           10%        N/A       1%          2
 Wereblood                Tmut           20%        N/A       1%          2
 Conjure Flame            Conj/Fire      38%        6-21      1%          3
 Dazzling Flash           Conj/Hex       76%        N/A       1%          3
 Mephitic Cloud           Conj/Pois/Air  32%        N/A       1%          3
 Flame Wave               Conj/Fire      38%        3d8       1%          4
 Fulminant Prism          Conj/Hex       19%        3d11      1%          4
 Ice Form                 Ice/Tmut       61%        N/A       1%          4
 Iskenderun's Mystic Bla  Conj/Tloc      38%        2d9       1%          4
 Sticky Flame             Conj/Fire      38%        2d6       1%          4
 Summon Ice Beast         Ice/Summ       61%        N/A       1%          4
 Iskenderun's Battlesphe  Conj           55%        2d11      1%          5
 Call Canine Familiar     Summ           20%        N/A       3%          3
 Confusing Touch          Hex            20%        N/A       3%          3
 Gell's Gravitas          Tloc           10%        N/A       3%          3
 Ignite Poison            Fire/Tmut/Pois 20%        N/A       3%          3
 Inner Flame              Hex/Fire       20%        N/A       3%          3
 Lesser Beckoning         Tloc           20%        N/A       3%          3
 Portal Projectile        Hex/Tloc       40%        N/A       3%          3
 Spider Form              Tmut/Pois      10%        N/A       3%          3
 Summon Guardian Golem    Hex/Summ       20%        N/A       3%          3
 Swiftness                Air            20%        N/A       3%          3
 Teleport Other           Tloc           20%        N/A       3%          3
 Tukima's Dance           Hex            20%        N/A       3%          3
 Vampiric Draining        Necr           10%        2d7       3%          3
 Fireball                 Conj/Fire      19%        3d9       4%          5
 Irradiate                Conj/Tmut      19%        3d20      4%          5
 Lightning Bolt           Conj/Air       19%        1d33      4%          5
 Airstrike                Air            10%        N/A       13%         4
 Animate Dead             Necr           10%        N/A       13%         4
 Cause Fear               Hex            10%        N/A       13%         4
 Dispel Undead            Necr           20%        3d11      13%         4
 Leda's Liquefaction      Hex/Erth       10%        N/A       13%         4
 Olgreb's Toxic Radiance  Pois           20%        N/A       13%         4
 Passage of Golubria      Tloc           N/A        N/A       13%         4
 Petrify                  Tmut/Erth      20%        N/A       13%         4
 Summon Lightning Spire   Summ/Air       20%        N/A       13%         4
 Orb of Destruction       Conj           27%        9d11      19%         7
 Conjure Ball Lightning   Conj/Air       19%        3x3d6     26%         6
 Iron Shot                Conj/Erth      19%        9d4       26%         6
 Starburst                Conj/Fire      19%        6d7       26%         6
 Agony                    Necr           20%        N/A       34%         5
 Alistair's Intoxication  Tmut/Pois      13%        N/A       34%         5
 Blade Hands              Tmut           10%        N/A       34%         5
 Borgnjor's Vile Clutch   Necr/Erth      10%        N/A       34%         5
 Excruciating Wounds      Necr           10%        N/A       34%         5
 Lee's Rapid Deconstruct  Erth           10%        3d9*      34%         5
 Manifold Assault         Tloc           20%        N/A       34%         5
 Silence                  Hex/Air        10%        N/A       34%         5
 Summon Forest            Summ/Tloc      10%        N/A       34%         5
 Summon Mana Viper        Hex/Summ       20%        N/A       34%         5
 Yara's Violent Unravell  Hex/Tmut       10%        3d6       34%         5
 Spellforged Servitor     Conj/Summ      19%        N/A       83%         7
 Death Channel            Necr           10%        N/A       91%         6
 Dispersal                Tloc           10%        N/A       91%         6
 Eringya's Noxious Bog    Tmut/Pois      10%        N/A       91%         6
 Invisibility             Hex            10%        N/A       91%         6
 Statue Form              Tmut/Erth      13%        N/A       91%         6
 Summon Cactus Giant      Summ           10%        N/A       91%         6
 Dragon Form              Tmut           10%        N/A       100%        7
 Haunt                    Necr/Summ      10%        N/A       100%        7
 Malign Gateway           Summ/Tloc      10%        N/A       100%        7
 Monstrous Menagerie      Summ           10%        N/A       100%        7
 Storm Form               Tmut/Air       10%        N/A       100%        7
 Summon Hydra             Summ           10%        N/A       100%        7
 Borgnjor's Revivificati  Necr           10%        N/A       100%        8
 Discord                  Hex            10%        N/A       100%        8
 Disjunction              Tloc           10%        N/A       100%        8
 Ignition                 Fire           10%        3d5       100%        8
 Infestation              Necr           10%        N/A       100%        8
 Maxwell's Capacitive Co  Air            10%        ∞         100%        8
 Necromutation            Tmut/Necr      10%        N/A       100%        8
 Summon Horrible Things   Summ           10%        N/A       100%        8
 Chain Lightning          Conj/Air       19%        3d25      100%        9
 Death's Door             Necr           10%        N/A       100%        9
 Dragon's Call            Summ           10%        N/A       100%        9
 Fire Storm               Conj/Fire      19%        8d5       100%        9
 Shatter                  Erth           10%        3d11*     100%        9
 Animate Armour           Summ/Erth      Unusable   N/A       N/A         4

Dungeon Overview and Level Annotations

Branches:
Dungeon (15/15)            Temple (1/1) D:6            Lair (6/6) D:8
 Shoals (4/4) Lair:4       Spider (4/4) Lair:2        Slime (5/5) Lair:6
    Orc (2/2) D:12            Elf (3/3) Orc:2        Vaults (5/5) D:14
  Crypt (0/3) Vaults:2     Depths (4/4) D:15           Hell (visited)
    Dis (2/7) Hell            Geh (5/7) Hell            Coc (0/7) Hell
    Tar (0/7) Hell            Zot (5/5) Depths:4      IceCv (visited)
Gauntlet (visited)

Altars:
Ashenzari
Cheibriados
Dithmenos
Elyvilon
Fedhas
Gozag
Hepliaklqana
Kikubaaqudgha
Makhleb
Nemelex Xobeh
Okawaru
Qazlal
Ru
Sif Muna
Trog
Uskayaw
Vehumet
Wu Jian
Xom
Yredelemnul
Zin
The Shining One
Beogh

Shops:
D:15 =   Orc:1 *   Orc:2 ([*=   Elf:1 !!*   Elf:3 :*   Vaults:1 [

Portals:
Hell: Depths:1 Depths:2 Depths:3 Depths:4
Abyss: Depths:3
Pandemonium: Depths:1 Depths:2
Ziggurat: Depths:2

Annotations:
D:5 2 runed translucent doors, MrRokkomies's ghost, novice DjWz
Lair:3 6 runed translucent doors
Shoals:1 Roxanne
Depths:1 6 runed translucent doors
Zot:1 3 runed translucent doors, Ufemuhich's ghost, legendary MiBe


Innate Abilities, Weirdness & Mutations

You are a bat.
You are tiny and dextrous.
You move quickly.
You are flying.
Your equipment is almost entirely melded.
You are incapable of wielding weapons or throwing items.
You cannot cast spells.
You cannot drink.
((You can spit globs of acid.))
((Your golden yellow scales are hard. (AC +12)))
You cannot fit into any form of body armour.
((You have acidic saliva.))
((You are cold-blooded and may be slowed by cold attacks.))
((You are resistant to acid. (rCorr)))
You are dopey. (Int -2)
You are frail. (-10% HP)
You occasionally shout uncontrollably at your foes.
((You are covered in fur. (AC +1)))
Potions cannot restore your health.
Your spells are a little easier to cast, but a little less powerful.


Message History

You feel the Orb delaying your translocation!
The orb of fire glows red.
The fireball explodes!
The fireball engulfs you!! You resist.
The orb of fire glows bright magenta.
The fireball explodes!
The fireball engulfs you. You resist.
A moth of wrath comes into view.
The orb of fire glows yellow.
The fireball explodes!
The fireball engulfs you!! You resist.
The orb of fire emits a lurid red light.
The fireball explodes!
The fireball engulfs you!! You resist.
* * * LOW HITPOINT WARNING * * *
Blink to where?
Press: ? - help, Dir - move target 2 Orb Guardians, a Killer Klown and 4 draconians come into view.
The Killer Klown is wielding a +9 club of venom.
The purple draconian is wielding a +2 short sword of holy wrath.
As you read the scroll of blinking, it crumbles to dust.
You feel less invigorated.
The winds around you start to calm down.
You float gracefully downwards.
A Killer Klown comes into view. It is wielding a +9 vorpal club.
An Orb Guardian comes into view.
You are engulfed in whirling frost.
The Killer Klown pies you viciously! The klown pie hits you!!
Moon pie!
You turn into a bat.
Your staff of cold melds into your body.
The +4 dragonskin cloak melds into your body.
The +3 hat of Pondering {ponderous, Will+ MP+10 Int+5} melds into your body.
Your +2 pair of gloves melds into your body.
Your +2 pair of boots of rampaging melds into your body.
The +2 tower shield "Ydisosos" {rN+ Int+4} melds into your body.
The ring of Ywel {rPois rF+ rN+} melds into your body.
The ring of Sapir {Will+ Int+6} melds into your body.
You no longer feel protected from the elements.
That put a bit of spring back into your step.
You no longer feel able to rampage towards enemies.
You feel stupid.
* * * LOW HITPOINT WARNING * * *
The yellow draconian spits acid at you. The glob of acid hits you!!
You die...

#.......*(.....#
##...).....*......
##...§^^§§§..^....?
#........*§....*...
#§§§§§§§§§...X.....
#§§§§§§§§§.........
#§§§§§§§§§§........
#§§§§§X§§.§........
#§b§§§§§§X.........
##§.§§§§§p.........
##§§§§§§py........
##§§§§§..........
▓8§§d^##▓▓▓▓▓▓▓
§§X§q. §§§dq. ....X
.^...


You could see an orb of fire, 2 Killer Klowns, a tentacled monstrosity, a yellow
draconian (catching breath), a purple draconian, 2 Orb Guardians and 2
draconians.

Vanquished Creatures
  the Royal Jelly (Slime:5)
  Tiamat (Zot:4)
  2 dread liches
  The ghost of Tenozav the Minotaur Barricade, a legendary MiFi of the Shining One (Zot:2)
  An orb of fire (Zot:3)
  4 ancient liches
  The ghost of Egicwurue the Sorcerer, a veteran DrCj of Vehumet (Depths:1)
  A juggernaut (Depths:3)
  A Killer Klown (Zot:2)
  Margery (Vaults:4)
  Bai Suzhen (Spider:3)
  Saint Roka (Depths:4)
  2 curse toes
  7 caustic shrikes
  Geryon (Hell)
  9 golden dragons
  Arachne (Spider:2)
  the Enchantress (Depths:4)
  An electric golem (Zot:5)
  2 Brimstone Fiends
  2 hellephants
  3 searing wretches
  7 liches
  11 tentacled monstrosities
  An Ice Fiend (Geh:5)
  10 Orb Guardians (Zot:5)
  7 titans
  2 deep elf master archers (Elf:3)
  A walking divine tome (Depths:4)
  A quicksilver dragon (shapeshifter) (Vaults:5)
  3 quicksilver dragons
  3 krakens
  28 acid blobs
  2 deep elf blademasters (Elf:3)
  An ancient champion (Dis:1)
  4 death cobs
  Kirke (Lair:6)
  Frances (Spider:2)
  6 sphinxes
  Agnes (Spider:3)
  12 shadow dragons
  10 storm dragons
  2 draconian monks
  9 tengu reavers
  13 frost giants
  A fenstrider witch (Shoals:3)
  18 azure jellies
  The ghost of Vive the Geomancer, an adept GrEE of Vehumet (Spider:1)
  7 rockslimes
  7 draconian knights
  17 fire giants
  5 iron dragons
  5 emperor scorpions
  4 orc warlords
  6 deep elf sorcerers
  Aizul (Shoals:3)
  7 draconian scorchers
  15 vault wardens
  9 draconian annihilators
  6 ghost moths
  4 draconian stormcallers
  13 balrugs
  Louise (Spider:3)
  4 spriggan defenders
  6 draconian shifters
  4 reapers (Hell)
  3 deep elf elementalists (Elf:3)
  15 quicksilver oozes
  26 very ugly things
  13 stone giants
  12 ironbound preservers
  8 war gargoyles
  9 green draconians
  A vampire knight (Depths:3)
  Azrael (Spider:3)
  4 dire elephants (Vaults:3)
  4 entropy weavers
  A lorocyproca (Hell)
  7 black draconians
  11 red draconians
  9 white draconians
  4 deep elf demonologists (Elf:3)
  6 deep elf annihilators
  3 spark wasps
  8 yellow draconians
  10 purple draconians
  A minotaur (Gauntlet)
  The ghost of RichitheSlayer the Fencer, a journeyman MiMo of Okawaru (Lair:3)
  A spark wasp (shapeshifter) (D:14)
  13 merfolk impalers (Shoals:4)
  4 merfolk javelineers
  6 blizzard demons
  9 deep elf death magi
  Snorg (Lair:6)
  A fire dragon (shapeshifter) (Vaults:5)
  4 crystal guardians
  13 ettins
  10 fire dragons
  6 deep elf high priests
  Harold (D:7)
  9 ironbound thunderhulks
  11 yaktaur captains
  10 hydras
  11 great orbs of eyes
  5 rakshasas
  5 ice dragons
  2 ogre magi (D:15)
  3 merfolk avatars
  11 salamander tyrants
  A spriggan air mage (Depths:4)
  36 vault guards
  A quicksilver dragon skeleton (Depths:1)
  A catoblepas (D:13)
  6 centaur warriors
  2 alligator snapping turtles
  3 death knights
  4 peacekeepers
  3 merfolk aquamancers
  11 boulder beetles
  11 ironbound frosthearts
  5 deep troll shamans
  11 two-headed ogres
  21 hell hogs
  24 dancing weapons
  9 deep troll earth magi
  13 tengu warriors
  14 death yaks
  5 orc high priests
  2 sun demons (Hell)
  9 deep elf knights
  2 spriggan berserkers
  23 hell knights
  A storm dragon zombie (Hell)
  A salamander mystic (Depths:2)
  A soul eater (Hell)
  2 shadow wraiths
  A sixfirhy (Depths:2)
  4 skeletal warriors
  9 iron trolls
  11 sea snakes
  An anaconda zombie (Hell)
  8 glowing orange brains
  A torturous demonspawn (Depths:2)
  A flayed ghost (Depths:3)
  A shadow dragon zombie (Hell)
  8 lindwurms
  A tengu zombie (Hell)
  46 deep trolls
  6 phantasmal warriors
  20 ironbound convokers
  15 wizards
  9 harpies
  29 deep elf zephyrmancers
  9 necromancers
  18 deep elf archers
  11 orc knights
  20 orb spiders
  50 ugly things
  A salamander (shapeshifter) (D:14)
  22 wolf spiders
  6 orc sorcerers
  30 deep elf pyromancers
  6 cyclopes
  3 fire giant zombies (Hell)
  20 manticores
  7 fauns
  A moth of wrath (shapeshifter) (Vaults:5)
  18 moths of wrath
  4 elephants
  3 salamanders (Depths:2)
  8 merfolk sirens
  3 shining eyes
  Joseph (D:10)
  15 vault sentinels
  6 rust devils (Hell)
  11 black mambas
  A black mamba (shapeshifter) (D:14)
  Maurice (D:11)
  4 eyes of devastation
  4 smoke demons (Hell)
  5 molten gargoyles (Hell)
  5 torpor snails
  9 water nymphs
  A gargoyle (D:11)
  14 cane toads
  Psyche (D:10)
  An unseen horror (D:11)
  8 hellions
  3 freezing wraiths
  A yaktaur (shapeshifter) (Vaults:5)
  8 demonic crawlers
  9 komodo dragons
  An anaconda simulacrum (Hell)
  2 tengu conjurers
  5 rime drakes
  A tormentor (Geh:2)
  44 yaktaurs
  A red devil (Hell)
  A jumping spider (shapeshifter) (Vaults:5)
  A slime creature (shapeshifter) (D:11)
  16 jumping spiders
  36 merfolk
  4 polar bears
  A sea snake skeleton (Hell)
  17 hornets
  10 wind drakes
  A tyrant leech (Gauntlet)
  8 trolls
  3 ettin zombies (Hell)
  11 blink frogs
  A hydra skeleton (Hell)
  107 slime creatures
  5 snapping turtles
  3 spriggan zombies
  A dream sheep (shapeshifter) (Depths:2)
  A centaur simulacrum (D:11)
  A spriggan skeleton (Depths:1)
  24 tarantellas
  An air elemental (Elf:3)
  3 spriggans (Depths:4)
  A yak (shapeshifter) (D:11)
  8 water elementals
  4 wyverns
  4 wraiths
  51 yaks
  A ynoxinul (Depths:2)
  60 redbacks
  3 vampires
  15 golden eyes
  3 hogs (Lair:6)
  An alligator skeleton (Hell)
  A neqoxec (Depths:2)
  Eustachio (D:4)
  7 basilisks
  7 fire elementals
  3 swamp worms (Gauntlet)
  Menkaure (D:4)
  A death yak simulacrum (IceCv)
  9 wargs
  A hydra simulacrum (Hell)
  2 acid dragons (D:12)
  A water moccasin (shapeshifter) (Elf:3)
  A floating eye (Depths:3)
  20 water moccasins
  11 hell hounds
  An ice beast (D:6)
  42 orc warriors
  3 black bears
  5 necrophages (D:9)
  A wolf (Lair:1)
  3 boggarts (D:15)
  14 ogres
  21 centaurs
  19 bullfrogs
  2 kobold brigands
  A gnoll sergeant (D:9)
  A wyvern zombie (D:7)
  Blork the orc (D:4)
  8 earth elementals
  4 scorpions
  A water moccasin zombie (D:6)
  2 cane toad simulacra (IceCv)
  2 elephant simulacra (IceCv)
  11 wights
  9 howler monkeys
  3 electric eels
  7 centaur zombies
  2 crimson imps (Geh:5)
  27 orc priests
  A bullfrog skeleton (D:6)
  2 hounds (D:7)
  A hound (shapeshifter) (Vaults:5)
  11 jellies
  Terence (D:2)
  7 iguanas
  Natasha (twice) (D:4)
  32 orc wizards
  A killer bee zombie (D:9)
  A hound skeleton (D:5)
  A mummy (D:9)
  2 howler monkey zombies
  A howler monkey skeleton (D:6)
  7 gnolls
  6 adders
  An ufetubus (D:4)
  An adder skeleton (D:4)
  3 worms (D:2)
  2 dart slugs (D:3)
  93 orcs
  4 bats
  3 endoplasms
  6 giant cockroaches
  5 goblins
  4 hobgoblins
  3 quokkas
  8 ball pythons
  A frilled lizard (D:3)
  10 kobolds
  2 rats (D:3)
  9 bushes (Shoals:4)
  3 creeping infernos
  16 fire vortices
  9 tentacles
2332 creatures vanquished.

Vanquished Creatures (collateral kills)
  A caustic shrike (Dis:2)
  A moth of wrath (Spider:4)
  A demonic crawler (Spider:4)
3 creatures vanquished.

Vanquished Creatures (others)
  A fire giant (Depths:4)
  A dancing weapon (Elf:3)
  A hydra zombie (Hell)
  An alligator zombie (Hell)
  An orc (Orc:1)
  A bush (Shoals:4)
  A creeping inferno (Geh:2)
  24 demonic plants (Gauntlet)
  40 fungi
  242 plants
  11 tentacles
  8 withered plants
332 creatures vanquished.

Grand Total: 2667 creatures vanquished

Notes
Turn   | Place    | Note
-------+----------+-------------------------------------------
     0 | D:1      | Johnny the Draconian Ice Elementalist began the quest for
                  | the Orb.
     0 | D:1      | Reached XP level 1. HP: 14/14 MP: 3/3
   630 | D:2      | Reached skill level 1 in Fighting
   630 | D:2      | Reached XP level 2. HP: 16/23 MP: 1/5
   971 | D:2      | Reached XP level 3. HP: 26/28 MP: 3/6
  1000 | D:3      | Noticed a bullfrog
  1050 | D:3      | Gained mutation: Potions are less effective at restoring
                  | your health. [potion of mutation]
  1052 | D:3      | Killed a bullfrog
  1053 | D:3      | Reached XP level 4. HP: 13/37 MP: 0/8
  1827 | D:2      | Reached XP level 5. HP: 29/44 MP: 9/9
  2106 | D:2      | Found a faded altar of an unknown god.
  2259 | D:2      | Noticed Terence
  2265 | D:2      | Killed Terence
  2266 | D:2      | Reached skill level 5 in Ice Magic
  2524 | D:2      | Learned a level 3 spell: Frozen Ramparts
  2528 | D:2      | Learned a level 3 spell: Ozocubu's Armour
  3015 | D:3      | Noticed a black bear
  3026 | D:3      | Killed a black bear
  3027 | D:3      | Reached XP level 6. HP: 19/51 MP: 5/11
  3798 | D:4      | Noticed Natasha
  3806 | D:4      | Killed Natasha
  3842 | D:4      | Noticed Menkaure
  3856 | D:4      | Killed Menkaure
  3894 | D:4      | Noticed Natasha
  4186 | D:4      | Killed Natasha
  4263 | D:4      | Identified the +10 dagger of Proximity {flame, rN+ Str+3}
  4423 | D:4      | Your scales start taking on a golden yellow colour.
  4423 | D:4      | Reached XP level 7. HP: 60/60 MP: 13/13
  4423 | D:4      | Gained mutation: You are resistant to acid. (rCorr) [Yellow
                  | Draconian growth]
  4500 | D:4      | Noticed Eustachio
  4521 | D:4      | Killed Eustachio
  4667 | D:4      | Noticed Blork the orc
  4672 | D:4      | Killed Blork the orc
  4673 | D:4      | Reached skill level 5 in Fighting
  4931 | D:5      | Entered Level 5 of the Dungeon
  5023 | D:5      | Found an ancient bone altar of Kikubaaqudgha.
  5059 | D:5      | Reached skill level 5 in Spellcasting
  5321 | D:5      | Found a large runed translucent door.
  5322 | D:5      | Found a large runed translucent door.
  5325 | D:5      | Noticed MrRokkomies's ghost (novice DjWz)
  5533 | D:5      | Reached XP level 8. HP: 57/70 MP: 15/15
  6254 | D:6      | Found a sacrificial altar of Ru.
  6254 | D:6      | Found a basalt altar of Yredelemnul.
  6340 | D:6      | Found a staircase to the Ecumenical Temple.
  6626 | Temple   | Entered the Ecumenical Temple
  6724 | Temple   | Became a worshipper of Sif Muna the Loreminder
  7147 | D:6      | Reached XP level 9. HP: 79/79 MP: 18/18
  7351 | D:7      | Paralysed by a hornet for 3 turns
  7357 | D:7      | HP: 1/79 [hornet (7)]
  7694 | D:7      | Identified 2 scrolls of acquirement
  7694 | D:7      | Noticed Harold
  7703 | D:7      | Killed Harold
  7724 | D:7      | Acquired the ring of the Morning {rElec Str-4 Dex+7 SInv
                  | Stlth+}
  7764 | D:7      | Acquired 652 gold pieces
  8199 | D:7      | Paralysed by a hornet for 2 turns
  8493 | D:7      | Learned a level 4 spell: Hailstorm
  8670 | D:8      | Found a staircase to the Lair.
  8688 | D:8      | Noticed a two-headed ogre
  8697 | D:8      | Reached * piety under Sif Muna
  8698 | D:8      | Reached XP level 10. HP: 83/91 MP: 11/21
  8698 | D:8      | Killed a two-headed ogre
  9801 | D:9      | Reached skill level 10 in Ice Magic
  9803 | D:9      | Reached ** piety under Sif Muna
  9804 | D:9      | Reached skill level 10 in Fighting
 10467 | D:10     | Entered Level 10 of the Dungeon
 10708 | D:9      | Reached XP level 11. HP: 99/101 MP: 5/24
 11801 | D:10     | Noticed Joseph
 11814 | D:10     | Reached skill level 1 in Shields
 11814 | D:10     | Reached skill level 1 in Invocations
 11814 | D:10     | Reached *** piety under Sif Muna
 11814 | D:10     | Killed Joseph
 11882 | D:10     | Found a white marble altar of Elyvilon.
 11882 | D:10     | Found a glowing golden altar of the Shining One.
 11886 | D:10     | Found a broken altar of Ashenzari.
 11886 | D:10     | Found a stormy altar of Qazlal.
 12024 | D:10     | Noticed a purple ugly thing
 12038 | D:10     | Killed a purple ugly thing
 12494 | D:10     | Found a glowing silver altar of Zin.
 12494 | D:10     | Noticed Psyche
 12507 | D:10     | Killed Psyche
 13086 | D:11     | Noticed a two-headed ogre
 13209 | D:11     | Killed a two-headed ogre
 13279 | D:11     | Found a runed translucent door.
 13279 | D:11     | Found a runed translucent door.
 13279 | D:11     | Noticed a cyan ugly thing
 13360 | D:11     | Noticed a two-headed ogre
 13374 | D:11     | Killed a two-headed ogre
 13375 | D:11     | Reached skill level 10 in Spellcasting
 13917 | D:11     | Noticed a two-headed ogre
 13983 | D:11     | Noticed a two-headed ogre
 13996 | D:11     | Killed a two-headed ogre
 13998 | D:11     | Noticed Maurice
 14015 | D:11     | Killed Maurice
 14688 | D:11     | Killed a cyan ugly thing
 14708 | D:11     | Noticed a wizard
 14761 | D:11     | Reached XP level 12. HP: 71/111 MP: 16/26
 14976 | D:11     | Noticed a boulder beetle
 14981 | D:11     | Noticed a boulder beetle
 14991 | D:11     | Killed a boulder beetle
 14992 | D:11     | Reached skill level 5 in Invocations
 14994 | D:11     | Killed a boulder beetle
 14995 | D:11     | Noticed a tengu warrior
 15003 | D:11     | Killed a tengu warrior
 15048 | D:11     | Noticed a rakshasa
 15079 | D:11     | Killed a rakshasa
 15080 | D:11     | Reached skill level 5 in Shields
 15230 | D:11     | Noticed a tengu warrior
 15236 | D:11     | Killed a tengu warrior
 15410 | D:11     | Noticed a six-headed hydra
 15423 | D:11     | Killed a six-headed hydra
 15908 | D:12     | Noticed an eight-headed hydra
 15914 | D:12     | Killed an eight-headed hydra
 16017 | D:12     | Reached **** piety under Sif Muna
 16052 | D:12     | Found a portal to a secret trove of treasure.
 16164 | D:12     | Found a frozen archway.
 16170 | IceCv    | Entered an ice cave
 16921 | D:12     | Found a staircase to the Orcish Mines.
 17376 | D:13     | Noticed a boulder beetle
 17439 | D:13     | Noticed a boulder beetle
 17443 | D:13     | Noticed a boulder beetle
 17470 | D:13     | Killed a boulder beetle
 17472 | D:13     | Killed a boulder beetle
 17473 | D:13     | Reached XP level 13. HP: 57/119 MP: 5/28
 17485 | D:13     | Found a gate leading to a gauntlet.
 17494 | Gauntlet | Entered a Gauntlet
 17494 | Gauntlet | Found a transporter.
 17494 | Gauntlet | Found a transporter.
 17494 | Gauntlet | Found a transporter.
 17702 | Gauntlet | Found a transporter.
 17704 | Gauntlet | Found a transporter.
 17717 | Gauntlet | Found a transporter.
 17733 | Gauntlet | Found a transporter.
 17739 | Gauntlet | Found a transporter.
 17747 | Gauntlet | Found a transporter.
 17765 | Gauntlet | Found a transporter.
 17773 | Gauntlet | Found a transporter.
 17791 | Gauntlet | Found a transporter.
 18124 | Gauntlet | Identified the ring of Ywel {rPois rF+ rN+}
 18230 | Gauntlet | Identified the +9 quarterstaff of Causality {protect, Str+7
                  | Int+3}
 18230 | Gauntlet | Noticed a minotaur
 18240 | Gauntlet | Killed a minotaur
 19860 | Lair:1   | Entered Level 1 of the Lair of Beasts
 21223 | Lair:2   | Reached ***** piety under Sif Muna
 21352 | Lair:2   | You fall into a shaft and drop 1 floor!
 21398 | Lair:3   | Received a gift from Sif Muna
 21429 | Lair:3   | Learned a level 5 spell: Freezing Cloud
 21450 | Lair:3   | Found a large runed translucent door.
 21451 | Lair:3   | Found a large runed translucent door.
 21451 | Lair:3   | Noticed a vault warden
 21454 | Lair:3   | Found a large runed translucent door.
 21454 | Lair:3   | Found a large runed translucent door.
 21455 | Lair:3   | Noticed RichitheSlayer's ghost (journeyman MiMo)
 21463 | Lair:3   | Found a large runed translucent door.
 21470 | Lair:3   | Found a large runed translucent door.
 21470 | Lair:3   | Found a large runed translucent door.
 21470 | Lair:3   | Found a large runed translucent door.
 21528 | Lair:3   | Noticed an ironbound preserver
 23041 | Lair:3   | Gained mutation: You have acidic saliva. [Yellow Draconian
                  | growth]
 23041 | Lair:3   | Reached XP level 14. HP: 130/130 MP: 24/30
 23436 | Lair:2   | Found a hole to the Spider Nest.
 25426 | Lair:4   | Received a gift from Sif Muna
 25429 | Lair:4   | Got Aqu Kit's Guide on Shifting Combat Magic {god gift}
 25763 | Lair:4   | Found a staircase to the Shoals.
 28124 | Lair:6   | Entered Level 6 of the Lair of Beasts
 28532 | Lair:6   | Reached skill level 15 in Fighting
 28854 | Lair:6   | Reached skill level 10 in Shields
 28898 | Lair:6   | Noticed Snorg
 29697 | Lair:6   | Reached XP level 15. HP: 126/141 MP: 6/32
 29806 | Lair:6   | Identified the +10 rapier "Tedouhoo" {pain, MP-9 Str+7
                  | Dex+2}
 30180 | Orc:1    | Entered Level 1 of the Orcish Mines
 30195 | Orc:1    | Found Wata's General Store.
 30249 | Orc:1    | Bought a potion of heal wounds for 80 gold pieces
 30249 | Orc:1    | Bought a scroll of noise for 16 gold pieces
 30357 | Orc:2    | Entered Level 2 of the Orcish Mines
 31338 | Orc:2    | Received a gift from Sif Muna
 31339 | Orc:2    | Got Sif Muna's Collected Works on Hexes and the Blaze {god
                  | gift}
 31458 | Orc:2    | Paralysed by an orc sorcerer for 4 turns
 32052 | Orc:2    | Found Gepy's Antique Armour Boutique.
 32053 | Orc:2    | Found Gumuakag's Antique Weapon Boutique.
 32055 | Orc:2    | Found Payqotou's General Store.
 32055 | Orc:2    | Found Osyw Nub's Jewellery Shop.
 32060 | Orc:2    | Bought a runed cloak for 180 gold pieces
 32079 | Orc:2    | Bought a potion of flight for 42 gold pieces
 32179 | Orc:2    | Found a staircase to the Elven Halls.
 32268 | Orc:2    | Noticed an orc warlord
 32286 | Orc:2    | Killed an orc warlord
 32740 | Orc:1    | Noticed an orc warlord
 32761 | Orc:2    | Killed an orc warlord
 32849 | Orc:2    | Received a gift from Sif Muna
 32854 | Orc:2    | Got Sif Muna's Incunabulum of Cold {god gift}
 32863 | Orc:2    | Learned a level 7 spell: Ozocubu's Refrigeration
 33525 | Lair:3   | Reached skill level 15 in Ice Magic
 33527 | Lair:3   | Killed a vault warden
 33529 | Lair:3   | Killed RichitheSlayer's ghost
 33572 | Lair:3   | Identified the amulet of Vocurgh {Acrobat *Slow rCorr Int-2
                  | Dex+10}
 33756 | Lair:6   | Killed Snorg
 34054 | Lair:6   | Found a staircase to the Slime Pits.
 34059 | Lair:6   | Noticed Kirke
 34107 | Lair:6   | Noticed a sphinx
 34108 | Lair:6   | Killed Kirke
 35733 | D:14     | Got the Incunabulum of the Creative Rocks
 36798 | D:14     | Reached XP level 16. HP: 151/151 MP: 12/33
 36956 | D:14     | Found a gate to the Vaults.
 37456 | D:15     | Entered Level 15 of the Dungeon
 37728 | D:15     | Received a gift from Sif Muna
 37731 | D:15     | Got Sif Muna's Compendium of Conjuration {god gift}
 38057 | D:15     | Found a staircase to the Depths.
 38104 | D:15     | Found Jivehes's Jewellery Boutique.
 39039 | Elf:1    | Entered Level 1 of the Elven Halls
 39154 | Elf:1    | Found Duss's Distillery.
 39219 | Elf:1    | Bought a potion of curing for 51 gold pieces
 39219 | Elf:1    | Bought a potion of heal wounds for 85 gold pieces
 39219 | Elf:1    | Bought a potion of lignification for 51 gold pieces
 39219 | Elf:1    | Bought a potion of curing for 51 gold pieces
 39219 | Elf:1    | Bought a potion of lignification for 51 gold pieces
 39219 | Elf:1    | Bought a potion of heal wounds for 85 gold pieces
 39426 | Elf:1    | Found Enykeiz's Distillery.
 39432 | Elf:1    | Bought a potion of curing for 36 gold pieces
 39432 | Elf:1    | Bought a potion of curing for 36 gold pieces
 39432 | Elf:1    | Bought a potion of mutation for 96 gold pieces
 39432 | Elf:1    | Bought a potion of curing for 36 gold pieces
 39432 | Elf:1    | Bought a potion of curing for 36 gold pieces
 39432 | Elf:1    | Bought a potion of curing for 36 gold pieces
 39432 | Elf:1    | Bought a potion of heal wounds for 60 gold pieces
 39432 | Elf:1    | Bought a potion of lignification for 36 gold pieces
 39432 | Elf:1    | Bought a potion of heal wounds for 60 gold pieces
 39432 | Elf:1    | Bought a potion of heal wounds for 60 gold pieces
 39432 | Elf:1    | Bought a potion of flight for 36 gold pieces
 39679 | Elf:1    | Learned a level 3 spell: Stone Arrow
 40148 | Elf:1    | Found a runed translucent door.
 40298 | Elf:1    | Found Peppuf's General Store.
 40302 | Elf:1    | Bought a scroll of enchant armour for 75 gold pieces
 40302 | Elf:1    | Bought a potion of haste for 100 gold pieces
 40941 | Elf:2    | Reached XP level 17. HP: 100/158 MP: 7/35
 41368 | Elf:2    | Found a runed translucent gate.
 41368 | Elf:2    | Found a runed translucent gate.
 41368 | Elf:2    | Found a runed translucent gate.
 41439 | Elf:2    | Received a gift from Sif Muna
 41442 | Elf:2    | Got Wemnev's Collected Works on Creative Evil {god gift}
 42496 | Elf:3    | Entered Level 3 of the Elven Halls
 42552 | Elf:3    | Found Befyisidgh's Assorted Antiques.
 42561 | Elf:3    | Found Fezoamm's Book Boutique.
 42714 | Elf:3    | Bought a scroll of identify for 60 gold pieces
 42714 | Elf:3    | Bought a scroll of magic mapping for 105 gold pieces
 42714 | Elf:3    | Bought a scroll of teleportation for 90 gold pieces
 42714 | Elf:3    | Bought a scroll of identify for 60 gold pieces
 42770 | Elf:3    | Noticed a deep elf blademaster
 42771 | Elf:3    | Noticed a deep elf blademaster
 42774 | Elf:3    | Reached skill level 15 in Spellcasting
 42778 | Elf:3    | Killed a deep elf blademaster
 42778 | Elf:3    | Killed a deep elf blademaster
 42788 | Elf:3    | Noticed a deep elf master archer
 42791 | Elf:3    | Noticed a deep elf master archer
 43915 | Elf:3    | Identified the +11 long sword "Sosig" {freeze, Fly Int+7}
 43916 | Elf:3    | Killed a deep elf master archer
 43916 | Elf:3    | Killed a deep elf master archer
 43916 | Elf:3    | Identified the +6 hand axe "Botol Gil" {elec, *Noise rPois
                  | rN+ Dex+2}
 43917 | Elf:3    | Identified the ring "Teinacem" {rC+ MP+9}
 43918 | Elf:3    | Identified the amulet "Ziniq" {Reflect Drain rElec rN+
                  | rCorr SH+5}
 44178 | Elf:3    | Reached XP level 18. HP: 139/171 MP: 11/37
 44193 | Elf:3    | Identified the +7 long sword "Reguat" {vorpal, rPois Will+
                  | Dex+4}
 44386 | Elf:3    | Found the +3 hat of Pondering {ponderous, Will+ MP+10
                  | Int+5}
 44879 | Shoals:1 | Entered Level 1 of the Shoals
 44879 | Shoals:1 | Identified Roxanne's Collected Works on Earth
 44879 | Shoals:1 | Noticed Roxanne
 45175 | Shoals:1 | Got the Catalogue of the Torrid Voyage
 46384 | Shoals:2 | Identified the +4 scale mail of Stoicism {rN+ Will- Int+4}
 47910 | Shoals:3 | Noticed Aizul
 47915 | Shoals:3 | Killed Aizul
 48253 | Shoals:4 | Entered Level 4 of the Shoals
 48577 | Shoals:4 | Received a gift from Sif Muna
 48580 | Shoals:4 | Got Puzio's Disquisition on Bewitchment {god gift}
 49466 | Shoals:4 | Got a barnacled rune of Zot
 50421 | Spider:1 | Entered Level 1 of the Spider Nest
 50618 | Spider:1 | Found a transporter.
 50621 | Spider:1 | Noticed Vive's ghost (adept GrEE)
 50658 | Spider:1 | Found a transporter.
 50859 | Spider:1 | Reached XP level 19. HP: 181/181 MP: 39/39
 50860 | Spider:1 | Killed Vive's ghost
 50860 | Spider:1 | Received a gift from Sif Muna
 51014 | Spider:1 | Identified the +0 pair of boots "Imuxzim" {Rampage Drain
                  | rCorr Dex+5}
 51299 | Spider:2 | Noticed Frances
 51305 | Spider:2 | Killed Frances
 51991 | Spider:2 | Noticed Arachne
 51999 | Spider:2 | Killed Arachne
 52966 | Spider:3 | Noticed Agnes
 52967 | Spider:3 | Noticed Bai Suzhen
 52970 | Spider:3 | Killed Agnes
 52992 | Spider:3 | Killed Bai Suzhen
 52993 | Spider:3 | Reached skill level 15 in Shields
 52996 | Spider:3 | Noticed Louise
 53330 | Spider:3 | Killed Louise
 54086 | Spider:3 | Noticed Azrael
 54090 | Spider:3 | Killed Azrael
 54417 | Spider:4 | Entered Level 4 of the Spider Nest
 54567 | Spider:4 | Received a gift from Sif Muna
 54568 | Spider:4 | Got Sif Muna's Papyrus of Creation {god gift}
 55080 | Spider:4 | Learned a level 2 spell: Blink
 55086 | Spider:4 | Learned a level 5 spell: Metabolic Englaciation
 55093 | Spider:4 | Learned a level 6 spell: Simulacrum
 55329 | Spider:4 | Learned a level 9 spell: Polar Vortex
 56254 | Spider:4 | Got a gossamer rune of Zot
 56556 | Trove    | Entered a treasure trove
 56573 | Trove    | Identified the ring of Sapir {Will+ Int+6}
 56732 | Vaults:1 | Entered Level 1 of the Vaults
 57950 | Vaults:1 | Reached XP level 20. HP: 180/192 MP: 14/40
 58085 | Vaults:1 | Identified the ring of Kyolits {rC+ MP+9 Dex+3}
 58217 | Vaults:1 | Found Goinacacs's Armour Emporium.
 59681 | Vaults:2 | Found a staircase to the Crypt.
 60081 | Vaults:2 | Identified the +3 morningstar of the Blind Eye {antimagic,
                  | rN+ rCorr Int+3}
 61666 | Vaults:3 | Reached skill level 5 in Dodging
 63155 | Vaults:3 | Noticed a golden dragon
 63164 | Vaults:3 | Killed a golden dragon
 63165 | Vaults:3 | Reached XP level 21. HP: 164/202 MP: 37/42
 64038 | Vaults:4 | Found the +3 Elemental Staff {rElec rF++ rC++ AC+5}
 64062 | Vaults:4 | Noticed Margery
 64069 | Vaults:4 | Killed Margery
 64266 | Vaults:4 | Received a gift from Sif Muna
 65229 | Vaults:5 | Entered Level 5 of the Vaults
 65243 | Vaults:5 | Noticed an ancient lich
 65447 | Vaults:5 | Noticed a golden dragon
 65831 | Vaults:5 | Killed an ancient lich
 65835 | Vaults:5 | Killed a golden dragon
 66002 | Vaults:5 | Received a gift from Sif Muna
 66415 | Vaults:5 | Identified the ring of Compulsion {rC+ rN+ Dex+5}
 66544 | Vaults:5 | Noticed a golden dragon
 66554 | Vaults:5 | Killed a golden dragon
 66555 | Vaults:5 | Reached XP level 22. HP: 211/213 MP: 34/44
 66718 | Vaults:5 | Got Sif Muna's Disquisition on Icy Feathers {god gift}
 67088 | Vaults:5 | Noticed an ancient lich
 67102 | Vaults:5 | Killed an ancient lich
 67316 | Vaults:5 | Identified the amulet "Reusad" {RegenMP rElec rC+}
 67510 | Vaults:5 | Noticed an ancient lich
 67526 | Vaults:5 | Killed an ancient lich
 67881 | Vaults:5 | Identified the +1 cloak "Buckod" {rF+ Dex+4}
 67988 | Vaults:5 | Identified the +3 war axe "Dien" {vorpal, Int+4}
 67996 | Vaults:5 | Got Kila's Handbook of Torrid Confrontation
 68008 | Vaults:5 | Got a silver rune of Zot
 68090 | Vaults:5 | Noticed a dread lich
 68105 | Vaults:5 | Gained mutation: Your spells are a little easier to cast,
                  | but a little less powerful. [a cacodemon]
 68106 | Vaults:5 | Killed a dread lich
 69058 | Vaults:5 | Identified the +3 dagger "Ogrebane" {vorpal, rElec}
 69555 | Slime:1  | Entered Level 1 of the Pits of Slime
 69558 | Slime:1  | Received a gift from Sif Muna
 69566 | Slime:1  | Got Sif Muna's Volume of Ensnaring Changing {god gift}
 70720 | Slime:3  | Gained mutation: You are covered in fur. (AC +1) [a shining
                  | eye]
 70771 | Slime:3  | Gained mutation: You occasionally shout uncontrollably at
                  | your foes. [a shining eye]
 70792 | Slime:3  | Received a gift from Sif Muna
 70793 | Slime:3  | Got Sif Muna's Catalogue of Excruciating Execration {god
                  | gift}
 71483 | Slime:5  | Entered Level 5 of the Pits of Slime
 71570 | Slime:5  | Noticed the Royal Jelly
 71580 | Slime:5  | Reached XP level 23. HP: 186/223 MP: 35/46
 71580 | Slime:5  | Killed the Royal Jelly
 71581 | Slime:5  | Reached skill level 10 in Dodging
 71724 | Slime:5  | Identified the ring "Adi Irir" {Str+4 Dex+5 SInv Stlth+}
 71781 | Slime:5  | Identified the +2 tower shield "Ydisosos" {rN+ Int+4}
 71820 | Slime:5  | Got a slimy rune of Zot
 72404 | Depths:1 | Entered Level 1 of the Depths
 72463 | Depths:1 | Found a gateway to Hell.
 72475 | Depths:1 | Received a gift from Sif Muna
 72594 | Depths:1 | Found a large runed translucent door.
 72594 | Depths:1 | Found a large runed translucent door.
 72595 | Depths:1 | Found a large runed translucent door.
 72595 | Depths:1 | Found a large runed translucent door.
 72595 | Depths:1 | Noticed Egicwurue's ghost (veteran DrCj)
 72596 | Depths:1 | Found a large runed translucent door.
 72596 | Depths:1 | Found a large runed translucent door.
 72597 | Depths:1 | Found a large runed translucent door.
 72597 | Depths:1 | Found a large runed translucent door.
 72822 | Depths:1 | Found a shadowy altar of Dithmenos.
 73227 | Depths:1 | Found a one-way gate leading to the halls of Pandemonium.
 73335 | Depths:1 | Killed Egicwurue's ghost
 73728 | Depths:2 | Found a gateway to a ziggurat.
 73738 | Depths:2 | Received a gift from Sif Muna
 75292 | Depths:2 | Reached ****** piety under Sif Muna
 75854 | Depths:2 | Gained mutation: You are frail. (-10% HP) [a neqoxec]
 76476 | Depths:3 | Noticed a caustic shrike
 76476 | Depths:3 | Noticed a caustic shrike
 76476 | Depths:3 | Noticed a caustic shrike
 76476 | Depths:3 | Noticed a caustic shrike
 76476 | Depths:3 | Noticed a caustic shrike
 76482 | Depths:3 | Killed a caustic shrike
 76482 | Depths:3 | Killed a caustic shrike
 76482 | Depths:3 | Killed a caustic shrike
 76483 | Depths:3 | Reached XP level 24. HP: 101/211 MP: 46/46
 76850 | Depths:3 | Found an opulent altar of Gozag.
 76896 | Depths:3 | Found an ornate altar of the Wu Jian Council.
 77069 | Depths:3 | Received a gift from Sif Muna
 77072 | Depths:3 | Got Sif Muna's Reference Book on Slavery {god gift}
 77302 | Depths:3 | Paralysed by a floating eye for 3 turns
 77303 | Depths:3 | Noticed a juggernaut
 77316 | Depths:3 | Killed a juggernaut
 78300 | Depths:3 | Found a one-way gate to the infinite horrors of the Abyss.
 78719 | Depths:4 | Entered Level 4 of the Depths
 78719 | Depths:4 | Noticed the Enchantress
 78724 | Depths:4 | Killed the Enchantress
 79071 | Depths:4 | Noticed Saint Roka
 79085 | Depths:4 | Killed Saint Roka
 79470 | Depths:4 | Received a gift from Sif Muna
 79471 | Depths:4 | Got Sif Muna's Tome of the Traveller and Bewitchment {god
                  | gift}
 80138 | Depths:4 | Found a gate to the Realm of Zot.
 80489 | Hell     | Entered the Vestibule of Hell
 80489 | Hell     | Noticed Geryon
 80496 | Hell     | Killed Geryon
 80616 | Hell     | Found a gateway to the ashen valley of Gehenna.
 81112 | Geh:1    | Entered Level 1 of Gehenna
 81133 | Geh:1    | Received a gift from Sif Muna
 81135 | Geh:1    | Got Sif Muna's Collected Works on the Blaze and Dark Magic
                  | {god gift}
 81209 | Geh:1    | Learned a level 8 spell: Lehudib's Crystal Spear
 81251 | Geh:1    | Reached skill level 1 in Conjurations
 82265 | Geh:3    | Reached XP level 25. HP: 167/208 MP: 20/47
 83563 | Hell     | Found a gateway to the decaying netherworld of Tartarus.
 83744 | Hell     | Found a gateway to the Iron City of Dis.
 83806 | Hell     | Found a gateway to the freezing wastes of Cocytus.
 84003 | Dis:1    | Entered Level 1 of the Iron City of Dis
 84205 | Dis:2    | Lost dexterity.
 84838 | Zot:1    | Entered Level 1 of the Realm of Zot
 85003 | Zot:1    | Reached skill level 5 in Conjurations
 85283 | Zot:1    | Found a runed translucent gate.
 85284 | Zot:1    | Found a runed translucent gate.
 85284 | Zot:1    | Found a runed translucent gate.
 85287 | Zot:1    | Noticed Ufemuhich's ghost (legendary MiBe)
 85898 | Zot:1    | Noticed an orb of fire
 86742 | Zot:2    | Received a gift from Sif Muna
 86743 | Zot:2    | Got Sif Muna's Incunabulum of Unstable Clay {god gift}
 87138 | Zot:2    | Noticed a Killer Klown
 87165 | Zot:2    | Killed a Killer Klown
 88017 | Zot:2    | Found a runed translucent gate.
 88018 | Zot:2    | Found a runed translucent gate.
 88019 | Zot:2    | Found a runed translucent gate.
 88020 | Zot:2    | Noticed Tenozav's ghost (legendary MiFi)
 88224 | Zot:2    | Killed Tenozav's ghost
 88236 | Zot:2    | Identified the amulet of Zaim {Faith +Blink Dex+4}
 88707 | Zot:3    | Noticed an orb of fire
 88715 | Zot:3    | Killed an orb of fire
 89044 | Zot:3    | Received a gift from Sif Muna
 89046 | Zot:3    | Got Sif Muna's Almanac of Doomed Transformation {god gift}
 89111 | Zot:3    | Reached skill level 15 in Dodging
 89205 | Zot:3    | Reached XP level 26. HP: 119/232 MP: 22/48
 90875 | Zot:4    | Found the +4 dragonskin cloak
 90875 | Zot:4    | Noticed Tiamat
 90893 | Zot:4    | Killed Tiamat
 92289 | Zot:5    | Entered Level 5 of the Realm of Zot
 92915 | Zot:5    | Noticed a dread lich
 92915 | Zot:5    | Noticed an ancient lich
 92921 | Zot:5    | Killed a dread lich
 92923 | Zot:5    | Noticed an orb of fire
 92924 | Zot:5    | Noticed an orb of fire
 92925 | Zot:5    | Noticed an orb of fire
 92927 | Zot:5    | Killed an ancient lich
 92928 | Zot:5    | Gained mutation: You are dopey. (Int -2) [an orb of fire]
 92928 | Zot:5    | Gained mutation: Potions cannot restore your health. [an
                  | orb of fire]
 92931 | Zot:5    | Killed from afar by a yellow draconian

Illustrated notes

Levels and vault maps discovered:
D:1:      minmay_arrival_semitransparent, layout_rooms
D:2:      layout_loops_corners, hellmonk_ecumenical_altar_defaced_shrine,
          minmay_circle_x, uniq_terence
D:3:      layout_basic
D:4:      layout_loops_cross, serial_glass, glass_columns_a, glass_columns_a,
          uniq_eustachio, uniq_natasha, uniq_menkaure, uniq_blork_the_orc
D:5:      ebering_ghost_disaster_area, layout_loops_ring,
          nicolae_kikubaaqudgha_miasma_corner
D:6:      layout_cave_pools, gammafunk_temple_overflow_pools,
          minmay_temple_entry_statues_fountains
D:7:      layout_loops_ring, uniq_harold
D:8:      layout_basic, erik_lair_orcish_takeover
D:9:      layout_irregular_city, serial_undead, serial_undead_b,
          serial_undead_f, serial_undead_c, serial_undead_c, serial_undead_a,
          serial_undead_a, serial_undead_c, serial_undead_f
D:10:     layout_cave_pods, overflow_temple_1_default,
          grunt_temple_overflow_open, roderic_serpentine_path, uniq_joseph,
          uniq_psyche
D:11:     minmay_the_grid_triangle_9x9_rhombus_full
          [minmay_the_grid_triangle_9x9_minimal,
          minmay_the_grid_triangle_9x9_tough_junction,
          minmay_the_grid_triangle_9x9_checkered,
          minmay_the_grid_triangle_9x9_corrupted_corridor,
          minmay_the_grid_triangle_9x9_steps,
          minmay_the_grid_triangle_9x9_from_above,
          minmay_the_grid_triangle_9x9_cache,
          minmay_the_grid_triangle_9x9_prize_center], layout_gridville,
          onia_ninara_dug_in_and_dangerous, uniq_maurice
D:12:     layout_loops_ring, erik_orc_4, enter_trove_0, portal_ice_cave_rime
D:13:     layout_cave_pools, gauntlet_entry_generic
D:14:     minmay_stepped, layout_basic, david_vaults_5, corexii_leaking_fountain
D:15:     hangedman_depths_entry_civil_slaughter, layout_loops_ring,
          serial_shops, nicolae_shop_trees, serial_co_window_serial,
          co_window_of_opportunity_a, co_window_corner_a, co_window_paths_a,
          co_window_paths_b, co_window_paths_a, co_window_of_opportunity_c,
          co_window_cross_4, co_window_unsneaky_path_c, co_window_paths_c,
          co_window_corner_ca, co_window_4corner_b, glass_columns_b,
          glass_columns_c, glass_columns_b, glass_columns_b, glass_columns_a
Temple:   eino_temple_lava
Lair:1:   layout_roguey, minmay_shattered_shrine
Lair:2:   layout_cave_pods, spider_nest_entry_webs
Lair:3:   layout_roguey, advil_vaults_ghost_lines, serial_bayou_shore_b,
          grunt_megastairs_5
Lair:4:   layout_small_grid, elwin_shoals_entry_rooms, serial_bayou_lagoon_b
Lair:5:   layout_loops_ring, minivault_23, nzn_sisyphean_effort,
          grunt_megastairs_3, serial_bayou_shore_a
Lair:6:   gammafunk_lair_ancient_temple, layout_cave_pods,
          minmay_slime_entry_jelly_boxes, serial_bayou_shore_b, uniq_kirke,
          uniq_snorg
Shoals:1: layout_shoals, uniq_roxanne
Shoals:2: layout_shoals
Shoals:3: layout_shoals, nicolae_shoals_beach_house_on_fowls_legs, uniq_aizul
Shoals:4: shoals_end_grunt_ice, layout_shoals, yaktaur_hedge
Spider:1: layout_spider_delve, gammafunk_ghost_berserking_beasts
Spider:2: layout_spider_delve, uniq_arachne, uniq_frances
Spider:3: layout_chambers, hangedman_spider_tarantella_strand, uniq_azrael,
          uniq_bai_suzhen, uniq_louise, uniq_agnes
Spider:4: grunt_spider_rune_parallel
Slime:1:  layout_caves
Slime:2:  layout_caves, nicolae_slime_round_cave
Slime:3:  layout_caves
Slime:4:  layout_caves
Slime:5
Orc:1:    layout_caves, serial_shops, shop, basic_altar
Orc:2:    st_orc_congregation, layout_caves, basic_altar
Elf:1:    layout_gridlike, serial_shops, nicolae_shop_trees, shop, shop,
          hangedman_elf_represent, minivault_13
Elf:2:    elven_hall_of_blades_hangedman_original [nicolae_blade_little_rooms],
          layout_onion_city, billiards_dpeg
Elf:3:    elf_hall, layout_geoelf_diagonals, grunt_megastairs_2,
          minmay_shoptagon
Vaults:1: vaults_room_guarded_vault, v_misc_17, v_misc_11, grunt_vaults_twisty,
          ontoclasm_vaults_claustrophobia, v_misc_14,
          nicolae_vaults_network_periphery, nicolae_vaults_specimen_jars,
          grunt_vaults_funnel, vaults_room_pool, layout_vaults_omnicross,
          serial_shops, shop
Vaults:2: blue_anna_dwarven_crypt, ontoclasm_vaults_twist,
          nicolae_vaults_little_squares_6, v_misc_14, nicolae_vaults_theta,
          v_misc_8, nicolae_vaults_quartermaster,
          nicolae_vaults_diagonal_hallway_8, layout_vaults_chaotic_city
Vaults:3: ontoclasm_vaults_ring_square, ontoclasm_vaults_shuriken,
          grunt_vaults_trifunnel, vaults_room_large_hall,
          nicolae_vaults_quadrants, v_pattern_3, nicolae_vaults_ninety_degrees,
          v_misc_30, nicolae_vaults_little_squares_4, hangedman_vaults_capsules,
          vaults_dpeg_diagonal, vaults_room_pools, layout_vaults_ring
Vaults:4: v_misc_23, nicolae_vaults_sealed_display, grunt_vaults_hallway_short,
          nicolae_vaults_yaktaur_gun_rack, ontoclasm_vaults_chip,
          ontoclasm_vaults_idyll, nicolae_vaults_three_branches,
          layout_vaults_omnigrid, uniq_margery
Vaults:5: serial_shops
Depths:1: minmay_angry_zag, layout_cave_shapes, hell_entry, dk_noncrumbling_4,
          advil_vaults_ghost_lines, grunt_pan_entry_spiral,
          nicolae_dithmenos_shadow_blocks
Depths:2: kennysheep_windowed_halls, layout_honeycomb, enter_ziggurat_e,
          rand_demon_pan_entry_4, hell_entry, infiniplex_staircase_trident,
          kennysheep_random_hallway
Depths:3: minmay_dotted_concentric_squares, layout_cave_shapes,
          serial_co_window_serial, co_window_corner_a,
          co_window_of_opportunity_a, co_window_paths_a, co_window_paths_a,
          co_window_cross_1, co_window_unsneaky_path_e, co_window_corner_cb,
          co_window_2corner, co_window_corner_b, glass_columns_a,
          glass_columns_a, abyss_entry, grunt_gozag_statues, hell_entry,
          nzn_wu_jian_council_hall
Depths:4: evilmike_zot_entry_basic, layout_honeycomb, kennysheep_pointless_box,
          hell_entry, uniq_enchantress, uniq_saint_roka
Hell
Dis:1:    hangedman_dis_decor_blocks_crown, layout_jigsaw
Dis:2:    hangedman_dis_decor_blocks_talon, layout_jigsaw,
          nicolae_dis_distal_crystal
Geh:1:    layout_gehenna_pools_basic
Geh:2:    layout_gehenna_pools_basic
Geh:3:    layout_gehenna_pools_box
Geh:4:    hangedman_generic_boss_arena
Geh:5:    layout_gehenna_lava_caves, minmay_fire_ice_demons
Zot:1:    gammafunk_ghost_split, layout_gridlike
Zot:2:    gammafunk_ghost_ooze, layout_basic
Zot:3:    kennysheep_spiral_hall, layout_cathedral_of_symmetry
Zot:4:    layout_gridville, uniq_tiamat
Zot:5:    layout_cathedral_of_symmetry

Skill      XL: |  1  2  3  4  5  6  7  8  9 10 11 12 13 14 15 16 17 18 19 20 21 22 23 24 25 26 |
---------------+-------------------------------------------------------------------------------+-----
Fighting       | 1 2 3 4 5 7 9 10 11 12 13 15 16 17 18 19 20 21 22 23 24 25 | 25.8
Spellcasting   | 3 4 5 6 7 9 10 11 12 13 14 15 16 17 18 19 20 21 22 | 22.3
Ice Magic      | 5 6 7 9 10 11 12 13 14 15 17 18 20 21 22 23 24 25 | 25.1
Shields        | 4 6 8 10 11 12 13 14 15 16 17 | 17.4
Invocations    | 4 6 8 |  8.3
Dodging        | 2 5 8 9 11 13 15 | 15.9
Conjurations   | 2 7 9 |  9.9
Stealth        | |  1.7

Action                   |  1- 3 |  4- 6 |  7- 9 | 10-12 | 13-15 | 16-18 | 19-21 | 22-24 | 25-27 || total
-------------------------+-------+-------+-------+-------+-------+-------+-------+-------+-------++-------
Melee: Unarmed           |    77 |       |       |       |       |       |       |       |       ||    77
       Tailslap          |     3 |    18 |    18 |    44 |   110 |    14 |    42 |    12 |     4 ||   265
       Whip              |     1 |    17 |       |       |       |       |       |       |       ||    18
       Broad axe         |       |   141 |       |       |       |       |       |       |       ||   141
       Dagger            |       |     1 |   152 |   266 |   647 |       |       |       |       ||  1066
       Bite              |       |       |       |       |    67 |    10 |    36 |     8 |     6 ||   127
       Staff             |       |       |       |       |    18 |   125 |   244 |    80 |    55 ||   522
 Cast: Freeze            |    20 |    21 |    20 |   146 |   326 |     5 |     9 |     1 |     2 ||   550
       Frozen Ramparts   |       |       |     9 |    49 |    84 |       |     1 |       |       ||   143
       Ozocubu's Armour  |       |       |     8 |    34 |    53 |     8 |     4 |     3 |     1 ||   111
       Hailstorm         |       |       |       |    33 |    84 |    56 |       |       |       ||   173
       Ozocubu's Refrige |       |       |       |       |    74 |   361 |   278 |   216 |   134 ||  1063
       Stone Arrow       |       |       |       |       |       |    28 |     1 |       |       ||    29
       Polar Vortex      |       |       |       |       |       |       |    34 |   136 |    83 ||   253
       Simulacrum        |       |       |       |       |       |       |     7 |       |       ||     7
       Blink             |       |       |       |       |       |       |     1 |     1 |     4 ||     6
       Freezing Cloud    |       |       |       |       |       |       |     1 |       |       ||     1
Invok: Channel Magic     |       |       |       |     2 |     7 |    17 |     9 |     5 |     7 ||    47
 Abil: Breathe Acid      |       |       |     3 |    10 |    10 |     2 |     2 |     4 |     1 ||    32
Evoke: Wand              |       |       |     2 |    51 |    46 |     6 |     4 |       |     2 ||   111
       Lightning rod     |       |       |       |     4 |     6 |     4 |     3 |       |     3 ||    20
       Box of beasts     |       |       |       |     1 |       |       |       |       |       ||     1
       Tin of tremorston |       |       |       |       |       |     2 |       |     2 |     2 ||     6
       Condenser vane    |       |       |       |       |       |     1 |     1 |       |     1 ||     3
  Use: Potion            |     3 |     1 |     1 |     1 |       |       |     2 |       |     3 ||    11
       Scroll            |       |       |     7 |    14 |     5 |     9 |     5 |     3 |     6 ||    49
 Stab: Sleeping          |     1 |     1 |     6 |     5 |    18 |     4 |     5 |       |       ||    40
       Distracted        |       |     1 |       |       |     1 |       |     2 |     1 |       ||     5
Armor: Skin              |    59 |    93 |    43 |   284 |   629 |   174 |   346 |   258 |   191 ||  2077
Dodge: Dodged            |    98 |   171 |   132 |   351 |   707 |   164 |   367 |   359 |   140 ||  2489
Block: Buckler           |       |       |       |   118 |   602 |   160 |   384 |   242 |       ||  1506
       Tower shield      |       |       |       |       |       |       |       |    88 |   252 ||   340

Table legend: (Time is in decaauts)
 A = Elapsed time spent in this place.
 B = Non-inter-level travel time spent in this place.
 C = Inter-level travel time spent in this place.
 D = Time resting spent in this place.
 E = Time spent auto-exploring this place.
 F = Levels seen in this place.
 G = Mean time per level.
                   A        B        C        D        E       F      G
               +--------+--------+--------+--------+--------+-----+--------+
         Total |  96256 |  91432 |   4824 |  23462 |  53288 |  65 | 1480.9 |
       Dungeon |  24070 |  22290 |   1780 |   5099 |  13795 |  15 | 1604.7 |
        Temple |    107 |     82 |     25 |      0 |     73 |   1 |  107.0 |
          Lair |  12517 |  11615 |    902 |   2870 |   6879 |   6 | 2086.2 |
        Shoals |   6006 |   5875 |    131 |    918 |   4089 |   4 | 1501.5 |
   Spider Nest |   6342 |   6179 |    163 |   1619 |   3560 |   4 | 1585.5 |
    Slime Pits |   2691 |   2514 |    177 |    488 |   1330 |   5 |  538.2 |
  Orcish Mines |   3294 |   3114 |    180 |    993 |   1199 |   2 | 1647.0 |
   Elven Halls |   5701 |   5472 |    229 |   1823 |   2761 |   3 | 1900.3 |
        Vaults |  12684 |  12199 |    485 |   2696 |   7714 |   5 | 2536.8 |
        Depths |   9095 |   8674 |    421 |   2510 |   4900 |   4 | 2273.8 |
          Hell |   1610 |   1493 |    117 |    851 |    444 |   1 | 1610.0 |
           Dis |    220 |    220 |      0 |    155 |      1 |   2 |  110.0 |
       Gehenna |   2046 |   1937 |    109 |    397 |   1223 |   5 |  409.2 |
           Zot |   8577 |   8480 |     97 |   2381 |   4968 |   5 | 1715.4 |
         Trove |     47 |     47 |      0 |      0 |      0 |   1 |   47.0 |
      Ice Cave |    444 |    444 |      0 |    337 |      0 |   1 |  444.0 |
      Gauntlet |    798 |    798 |      0 |    321 |    348 |   1 |  798.0 |
               +--------+--------+--------+--------+--------+-----+--------+

Top non-repeatable levels by time:
Depths:2: 4280 daAuts
    D:11: 3185 daAuts
    D:14: 3167 daAuts
  Lair:6: 3007 daAuts
Vaults:4: 2877 daAuts
Vaults:5: 2807 daAuts
   Orc:2: 2805 daAuts
Vaults:3: 2665 daAuts
  Lair:3: 2474 daAuts
Spider:3: 2367 daAuts
Depths:4: 2364 daAuts
Vaults:2: 2292 daAuts
   Zot:3: 2276 daAuts
   Zot:2: 2223 daAuts
   Elf:3: 2189 daAuts
